 Dungeon Crawl Stone Soup version 0.24.0-123-gd5b16e6ec5 (webtiles) character file.

Game seed: 17784287555585995709, levelgen mode: deterministic

2593 Kobolds4U the Grappler (level 9, -2/80 HPs)
             Began as a Troll Monk on Dec 22, 2019.
             Was an Elder of Qazlal.
             Slain by a two-headed ogre
             ... wielding a +0 giant club
              (7 damage)
             ... on level 7 of the Dungeon.
             The game lasted 00:12:32 (5037 turns).

Kobolds4U the Grappler (Troll Monk)                 Turns: 5037, Time: 00:12:33

Health: -2/80      AC:  7    Str: 21    XL:     9   Next: 33%
Magic:  8/8        EV: 13    Int:  6    God:    Qazlal [****..]
Gold:   347        SH:  5    Dex: 15    Spells: 8/8 levels left

rFire    . . .     SeeInvis .     - Unarmed
rCold    . . .     Gourm    +   (no shield)
rNeg     . . .     Faith    .   a - +0 robe
rPois    .         Spirit   .   (helmet restricted)
rElec    .         Reflect  .   x - +0 cloak
rCorr    .         Harm     .   (gloves unavailable)
MR       .....                  (boots unavailable)
Stlth    +.........             (no amulet)
HPRegen  0.63/turn              (no ring)
MPRegen  0.11/turn              (no ring)

@: repel missiles
A: large, unfitting armour, claws 3, fast metabolism 3, gourmand, regeneration
1, shaggy fur 1, tough skin 3
a: Upheaval, Elemental Force, Renounce Religion


You were on level 7 of the Dungeon.
You worshipped Qazlal.
Qazlal was greatly pleased with you.
You were full.

You visited 1 branch of the dungeon, and saw 7 of its levels.

You collected 347 gold pieces.

Inventory:

Hand Weapons
 n - a +0 morningstar of freezing
 z - a +3 flail of protection
Missiles
 o - 5 boomerangs (quivered)
 r - 6 silver javelins
 s - 14 poisoned darts
Armour
 a - a +0 robe (worn)
 x - a +0 cloak (worn)
Jewellery
 e - a +4 ring of dexterity {unknown}
Wands
 t - a wand of polymorph (5)
 y - a wand of iceblast (3)
Scrolls
 c - 2 scrolls of random uselessness {unknown}
 f - 6 scrolls of teleportation
 j - a scroll of remove curse {unknown}
 k - 2 scrolls of fog {unknown}
 l - 2 scrolls of enchant weapon {unknown}
 m - a scroll of immolation {unknown}
 p - 11 scrolls of identify
 q - a scroll of blinking {unknown}
 u - a scroll of amnesia {unknown}
 v - a scroll of fear {unknown}
 B - a scroll of magic mapping {unknown}
 C - a scroll of torment {unknown}
Potions
 d - a potion of invisibility {unknown}
 g - a potion of might {unknown}
 h - a potion of curing {unknown}
 i - 2 potions of mutation {unknown}
 w - 2 potions of brilliance {unknown}
 A - a potion of cancellation {unknown}
 D - 2 potions of lignification {unknown}
Comestibles
 b - 8 rations


   Skills:
 - Level 2.4 Fighting
 * Level 5.8 Throwing
 + Level 5.3 Dodging
 - Level 1.0 Stealth
 + Level 9.8 Unarmed Combat


You had 8 spell levels left.
You didn't know any spells.
Your spell library was empty.

Dungeon Overview and Level Annotations

Branches:
Dungeon (7/15)
 Temple: D:4-7

Altars:
Cheibriados
Elyvilon
Fedhas
Okawaru
Qazlal
Ru


Innate Abilities, Weirdness & Mutations

You are too large for most types of armour.
You have claws for hands.
Your metabolism is lightning-fast.
You like to eat raw meat.
Your natural rate of healing is unusually fast.
You are covered in fur. (AC +1)
You have extremely tough skin. (AC +3)


Message History

The two-headed ogre hits you but does no damage.
The gnoll closely misses you.
You are too injured to fight recklessly!
You are too injured to fight recklessly!
You are too injured to fight recklessly!
You are too injured to fight recklessly!
You are too injured to fight recklessly!
You are too injured to fight recklessly!
You are too injured to fight recklessly!
You are too injured to fight recklessly!
You are too injured to fight recklessly!
You are too injured to fight recklessly!
You are too injured to fight recklessly!
Unknown command.
A slime creature comes into view.
The two-headed ogre hits you with a +0 giant club!!
* * * LOW HITPOINT WARNING * * *
You block the two-headed ogre's attack.
The two-headed ogre hits you with a +0 giant club!
You die...

.#######...........#
...................####
...####...#............
##.###..#........####.
#................####.##
........................
...#######).#.##○#######
>. #.##.#..# . #.##..#@#
' #.#O.# #..J#g# #..##)#
#?# #c# ##


#Zg .Z# .#l # # You could see a slime creature, a two-headed ogre, a centaur, 2
gnolls, a hound zombie, a bullfrog zombie and a leopard gecko.

Vanquished Creatures
  A hippogriff (D:6)
  A hungry ghost (D:6)
  Edmund (D:6)
  Menkaure (D:6)
  2 sky beasts
  2 phantoms
  An ogre (D:6)
  A black bear (D:6)
  3 bullfrogs (D:6)
  2 scorpions (D:5)
  A vampire bat (D:5)
  3 howler monkeys
  A bullfrog zombie (D:7)
  A crimson imp (D:6)
  Crazy Yiuf (D:6)
  4 orc priests
  2 bullfrog skeletons
  3 hounds
  3 iguanas
  An orc wizard (D:4)
  10 worker ants
  A hound skeleton (D:7)
  2 worker ant zombies
  12 gnolls
  10 adders
  A shadow imp (D:6)
  An ooze (D:4)
  An adder skeleton (D:7)
  An adder zombie (D:7)
  3 worms
  3 dart slugs
  3 fire bats (D:5)
  4 leopard geckos
  12 orcs
  2 spectral bats (D:5)
  2 ball pythons
  3 bat skeletons (D:5)
  A bat zombie (D:5)
  4 giant cockroaches
  9 goblins
  2 hobgoblins (D:2)
  10 jackals
  5 kobolds
  3 quokkas
  16 bats
  A bat simulacrum (D:5)
  4 frilled lizards
  A jackal zombie (D:5)
  A leopard gecko zombie (D:5)
  A quokka zombie (D:7)
  4 rats
168 creatures vanquished.

Vanquished Creatures (others)
  3 plants (D:7)
3 creatures vanquished.

Grand Total: 171 creatures vanquished

Notes
Turn   | Place    | Note
-------+----------+-------------------------------------------
     0 | D:1      | Kobolds4U the Troll Monk began the quest for the Orb.
     0 | D:1      | Reached XP level 1. HP: 22/22 MP: 0/0
   254 | D:1      | Reached XP level 2. HP: 27/29 MP: 1/1
   636 | D:2      | Reached skill level 4 in Unarmed Combat
   686 | D:2      | Reached XP level 3. HP: 29/36 MP: 2/2
   744 | D:2      | Found a blossoming altar of Fedhas.
   753 | D:2      | Found a stormy altar of Qazlal.
   763 | D:2      | Became a worshipper of Qazlal Stormbringer
   763 | D:2      | Reached * piety under Qazlal
   763 | D:2      | Reached ** piety under Qazlal
   983 | D:3      | Reached skill level 5 in Unarmed Combat
   983 | D:3      | Reached XP level 4. HP: 44/44 MP: 3/3
  1333 | D:3      | Reached XP level 5. HP: 50/50 MP: 4/4
  1638 | D:4      | Reached skill level 6 in Unarmed Combat
  1810 | D:4      | Reached XP level 6. HP: 42/59 MP: 5/5
  1818 | D:4      | Reached skill level 7 in Unarmed Combat
  2110 | D:4      | Reached *** piety under Qazlal
  2232 | D:5      | Entered Level 5 of the Dungeon
  2236 | D:5      | Reached skill level 8 in Unarmed Combat
  2236 | D:5      | Reached XP level 7. HP: 66/66 MP: 6/6
  2960 | D:5      | Reached skill level 1 in Throwing
  3032 | D:5      | Reached XP level 8. HP: 70/74 MP: 7/7
  3544 | D:6      | Noticed Menkaure
  3548 | D:6      | Killed Menkaure
  3548 | D:6      | Reached skill level 9 in Unarmed Combat
  3808 | D:6      | Reached **** piety under Qazlal
  3847 | D:6      | Found a snail-covered altar of Cheibriados.
  3930 | D:6      | Found a sacrificial altar of Ru.
  4011 | D:6      | Found a white marble altar of Elyvilon.
  4109 | D:6      | Noticed Edmund
  4116 | D:6      | Killed Edmund
  4281 | D:6      | Found a runed translucent door.
  4282 | D:6      | Noticed Crazy Yiuf
  4369 | D:6      | Found an iron altar of Okawaru.
  4509 | D:6      | Killed Crazy Yiuf
  4634 | D:6      | Reached XP level 9. HP: 69/80 MP: 8/8
  4759 | D:6      | Reached skill level 5 in Throwing
  4765 | D:6      | Reached skill level 5 in Dodging
  5032 | D:7      | Noticed a two-headed ogre
  5036 | D:7      | HP: 4/80 [two-headed ogre/+0 giant club (19)]
  5037 | D:7      | Slain by a two-headed ogre

Levels and vault maps discovered:
D:1:      lemuel_arrival_rhombus, layout_basic
D:2:      layout_rooms, grunt_temple_overflow_forces_of_nature,
          minmay_strange_pillars, grunt_ministairs_11
D:3:      layout_basic
D:4:      layout_rooms
D:5:      layout_layer_cave, first_ration, corexii_leaking_fountain,
          goddamned_bats
D:6:      layout_loops_ring, nicolae_overflow_quartered_altars,
          lemuel_flame_loot_1, uniq_crazy_yiuf_cottage, uniq_edmund,
          uniq_menkaure
D:7:      layout_rooms, gammafunk_temple_overflow_wave,
          minmay_temple_entry_offerings, basic_altar, minmay_shattered_shrine

Skill      XL: |  1  2  3  4  5  6  7  8  9 |
---------------+----------------------------+-----
Unarmed Combat | 4 5 6 8 9 |  9.8
Dodging        | 3 4 5 |  5.3
Throwing       | 1 4 5 |  5.8
Fighting       | |  2.4
Stealth        | |  1.0

Action                   |  1- 3 |  4- 6 |  7- 9 || total
-------------------------+-------+-------+-------++-------
Melee: Unarmed           |    79 |   142 |   267 ||   488
       Punch             |       |     6 |    12 ||    18
  Use: Scroll            |       |       |     1 ||     1
  Eat: Chunk             |    14 |    12 |    28 ||    54
Armor: Robe              |    23 |    51 |    88 ||   162
Dodge: Dodged            |    43 |    92 |   167 ||   302
Block: Other             |     1 |    23 |    62 ||    86
